 Seeded DCSS version 0.29.1-1-gd02db6906a (webtiles) character file.

Game seed: 11355732149685707320 (custom seed)

106 gzilladon the Chopper (level 4, 0/40 HPs)
             Began as a Hill Orc Monk on Sept 28, 2022.
             Was a Believer of Beogh.
             Slain by a gnoll
             ... wielding a +0 club
              (3 damage)
             ... on level 3 of the Dungeon.
             The game lasted 00:06:14 (2003 turns).

gzilladon the Chopper (Hill Orc Monk)               Turns: 2003, Time: 00:06:15

Health: 0/40       AC:  6    Str: 15    XL:     4   Next: 84%
Magic:  4/4        EV:  5    Int: 10    God:    Beogh [**....]
Gold:   80         SH: 10    Dex: 13    Spells: 3/3 levels left

rFire   . . .      SeeInvis .   a - +0 hand axe
rCold   . . .      Faith    .   j - +0 tower shield
rNeg    . . .      Spirit   .   d - +0 scale mail
rPois   .          Reflect  .   (no helmet)
rElec   .          Harm     .   (no cloak)
rCorr   .          Rampage  .   (no gloves)
Will    .....                   (no boots)
Stlth   ..........              (no amulet)
HPRegen 0.13/turn               (no ring)
MPRegen 0.09/turn               (no ring)

@: no status effects
A: no striking features
a: Renounce Religion, Smiting


You were on level 3 of the Dungeon.
You worshipped Beogh.
Beogh was pleased with you.
You visited 1 branch of the dungeon, and saw 3 of its levels.

You collected 80 gold pieces.

Inventory:

Hand Weapons
 a - a +0 hand axe (weapon)
Armour
 b - a +0 robe
 d - a +0 scale mail (worn)
 j - a +0 tower shield (worn)
Scrolls
 e - 4 scrolls of identify {unknown}
 f - a scroll of teleportation {unknown}
 h - a scroll of blinking {unknown}
 k - a scroll of magic mapping {unknown}
Potions
 c - a potion of ambrosia
 g - a potion of degeneration {unknown}
 i - a potion of lignification {unknown}


   Skills:
 + Level 4.2 Fighting
 * Level 5.7 Axes
 + Level 1.3 Armour
 + Level 3.0 Dodging
 - Level 1.5 Stealth


You had 3 spell levels left.
You didn't know any spells.
Your spell library contained the following spells:

 Spells                   Type           Power      Damage    Failure   Level
 Anguish                  Hex/Necr       0%         N/A       100%        4
 Enfeeble                 Hex            0%         N/A       100%        7


Dungeon Overview and Level Annotations

Branches:
Dungeon (3/15)

Altars:
Trog
The Shining One

Shops:
D:1 *


Message History

You slash the gnoll!
The gnoll is severely wounded.
You barely miss the gnoll. You block the gnoll's attack.
The gnoll barely misses you. x2; You block the gnoll's attack.
You hit the gnoll but do no damage.
The gnoll is severely wounded.
You hit the gnoll. You block the gnoll's attack.
The gnoll hits you with a +0 halberd!
You hit the gnoll.
You kill the gnoll!
Beogh accepts your kill.
You hit the gnoll but do no damage. The gnoll hits you with a +0 halberd.
The gnoll hits you with a +0 halberd!
* * * LOW HITPOINT WARNING * * *
You hit the gnoll.
The gnoll is severely wounded.
You block the gnoll's attack.
You closely miss the gnoll.
The gnoll is severely wounded.
The gnoll barely misses you.
You slash the gnoll!
You kill the gnoll!
Beogh accepts your kill.
You start resting.
A gnoll comes into view. It is wielding a +0 club.
The gnoll shouts!
You see here a +0 flail.
You hit the gnoll.
The gnoll is lightly wounded.
You block the gnoll's attack.
You closely miss the gnoll.
The gnoll is lightly wounded.
The gnoll hits you with a +0 club.
* * * LOW HITPOINT WARNING * * *
The gnoll hits you with a +0 club.
* * * LOW HITPOINT WARNING * * *
You closely miss the gnoll.
The gnoll is lightly wounded.
The gnoll hits you with a +0 club.
You die...

.##.#..# .......####
.. ..#.......# .#
#.#..#.##.##### #.#
#.#..#.##.#... ..#
........#.#.#### ..#
#.#..##........##..#
#.#..####.#.##.)...#
..#.......#....g@.#
###################
## .# .#


You could see a gnoll.

Vanquished Creatures
  An orc priest (D:3)
  3 adders (D:2)
  2 gnolls (D:3)
  A worm (D:2)
  3 bats
  2 endoplasms
  4 giant cockroaches
  6 goblins
  4 hobgoblins
  2 frilled lizards
  4 kobolds
  A rat (D:1)
33 creatures vanquished.

Vanquished Creatures (others)
  An orc (D:3)
  A ball python (D:3)
2 creatures vanquished.

Grand Total: 35 creatures vanquished

Notes
Turn   | Place    | Note
-------+----------+-------------------------------------------
     0 | D:1      | gzilladon the Hill Orc Monk began the quest for the Orb.
     0 | D:1      | Reached XP level 1. HP: 19/19 MP: 1/1
    96 | D:2      | Reached XP level 2. HP: 18/27 MP: 2/2
   373 | D:2      | Reached XP level 3. HP: 27/33 MP: 3/3
   617 | D:3      | Found a glowing golden altar of the Shining One.
   720 | D:3      | Became a worshipper of Beogh the Brigand
   720 | D:3      | Reached * piety under Beogh
   720 | D:3      | Reached ** piety under Beogh
   730 | D:3      | Reached skill level 5 in Axes
   923 | D:1      | Found Lenkeg's General Store.
   982 | D:1      | Found a faded altar of an unknown god.
  1064 | D:1      | Reached XP level 4. HP: 39/40 MP: 4/4
  1619 | D:2      | Reached skill level 1 in Armour
  1923 | D:3      | Found a bloodstained altar of Trog.
  2003 | D:3      | Slain by a gnoll

Illustrated notes

Levels and vault maps discovered:
D:1:      onia_arrival_pyramid, layout_basic, serial_shops, shop,
          hellmonk_ecumenical_altar_zigzags, minmay_misc_feat_cross
D:2:      layout_basic, fountainhead
D:3:      layout_loops_cross, mainiacjoe_overflow_boulevard,
          nemelex_diamond_rough_becter, mainiacjoe_overflow_tiny_flanked,
          trog_book, lightli_sewer_entry_pipes

Skill      XL: |  1  2  3  4 |
---------------+-------------+-----
Fighting       | 4 |  4.2
Axes           | 5 |  5.7
Armour         | 1 |  1.3
Dodging        | 3 |  3.0
Stealth        | |  1.5

Action                   |  1- 3 |  4- 6 || total
-------------------------+-------+-------++-------
Melee: Hand axe          |    61 |    58 ||   119
       Punch             |     1 |       ||     1
Invok: Convert to Beogh  |     1 |       ||     1
Armor: Scale mail        |    37 |    24 ||    61
       Robe              |     3 |       ||     3
Dodge: Dodged            |    35 |    38 ||    73
Block: Tower shield      |       |     9 ||     9
